 Dungeon Crawl Stone Soup version 0.28-a0-1513-ge4f4046303 (webtiles) character file.

Game seed: 7887684833125548772

0 Gargoyl the Skirmisher (level 1, 19/19 HPs)
             Began as a Hill Orc Fighter on Jan 16, 2022.
             Quit the game on level 1 of the Dungeon.
             The game lasted 00:00:17 (157 turns).

Gargoyl the Skirmisher (Hill Orc Fighter)            Turns: 157, Time: 00:00:18

Health: 19/19      AC:  6    Str: 18    XL:     1   Next: 10%
Magic:  1/1        EV:  9    Int:  8    God:
Gold:   16         SH:  4    Dex: 10    Spells: 0/0 levels left

rFire   . . .      SeeInvis .   a - +0 rapier
rCold   . . .      Faith    .   c - +0 buckler
rNeg    . . .      Spirit   .   b - +0 scale mail
rPois   .          Reflect  .   (no helmet)
rElec   .          Harm     .   (no cloak)
rCorr   .          Rampage  .   (no gloves)
Will    .....                   (no boots)
Stlth   ..........              (no amulet)
HPRegen 0.06/turn               (no ring)
MPRegen 0.07/turn               (no ring)

@: no status effects
A: no striking features
a: no special abilities


You were on level 1 of the Dungeon.
You visited 1 branch of the dungeon, and saw 1 of its levels.

You collected 16 gold pieces.

Inventory:

Hand Weapons
 a - a +0 rapier (weapon)
Armour
 b - a +0 scale mail (worn)
 c - a +0 buckler (worn)
Scrolls
 e - a scroll of teleportation {unknown}
Potions
 d - a potion of might
 f - a potion of haste {unknown}


   Skills:
 + Level 3.6 Fighting
 + Level 2.0 Short Blades
 + Level 3.3 Armour
 + Level 3.2 Shields


You couldn't memorise any spells.
You didn't know any spells.
Your spell library was empty.

Dungeon Overview and Level Annotations

Branches:
Dungeon (1/15)

Altars:


Message History

Welcome, Gargoyl the Hill Orc Fighter.
The heart of this dungeon contains the legendary artefact, the Orb of Zot.
Press ? for a list of commands and other information.
Found 5 gold pieces.
Found a staircase leading out of the dungeon.
Unknown command.
You now have 5 gold pieces.
A goblin comes into view. It is wielding a +0 dagger.
The goblin shouts!
A goblin is nearby!
A goblin is nearby!
A goblin is nearby!
A goblin is nearby!
The goblin hits you but does no damage.
You hit the goblin.
The goblin is severely wounded.
The goblin hits you but does no damage.
You puncture the goblin!
You kill the goblin!
You see here a +0 dagger.
Unknown command.
Unknown command.
Unknown command.
e - a scroll labelled ARUNIKL LUFUUKIKU
Found a stone staircase leading down.
There is a stone staircase leading down here.
Found a stone staircase leading down.
You now have 16 gold pieces (gained 11).
Found a ring mail.
You see here a +0 ring mail.
f - an orange potion A ball python comes into view.
The ball python hisses angrily.
You hear a shout!
A goblin comes into view. It is wielding a +0 dagger.
Are you sure you want to abandon this character and quit the game? (Confirm with "yes".)

#.............###.##########.#
#.###########.....# #.###
#.#################
#######.#.# #.............#
#.......... #############.#
#.###.#.... #.# #...... #.##
#...... #.#.## .....#.....
#.###@# #.#.###.... ..#
##.S...# #. ##... ### ##...# #
##.# g.!. .#####..
............ .########## # # #
##


You could see a goblin and a ball python.

Vanquished Creatures
  A goblin (D:1)
1 creature vanquished.

Notes
Turn   | Place    | Note
-------+----------+-------------------------------------------
     0 | D:1      | Gargoyl the Hill Orc Fighter began the quest for the Orb.
     0 | D:1      | Reached XP level 1. HP: 19/19 MP: 1/1
   157 | D:1      | Quit the game

Illustrated notes

Levels and vault maps discovered:
D:1:      minmay_arrival_semitransparent, layout_loops_ring,
          shapermc_ecumenical_altar_venn, serial_shops, nicolae_square_shop

Action                   || total
-------------------------++-------
Melee: Rapier            ||     2
Armor: Scale mail        ||     2

Table legend: (Time is in decaauts)
 A = Elapsed time spent in this place.
 B = Non-inter-level travel time spent in this place.
 C = Inter-level travel time spent in this place.
 D = Time resting spent in this place.
 E = Time spent auto-exploring this place.
 F = Levels seen in this place.
 G = Mean time per level.
                   A        B        C        D        E       F      G
               +--------+--------+--------+--------+--------+-----+--------+
         Total |    157 |    157 |      0 |      0 |    140 |   1 |  157.0 |
       Dungeon |    157 |    157 |      0 |      0 |    140 |   1 |  157.0 |
               +--------+--------+--------+--------+--------+-----+--------+

Top non-repeatable levels by time:
     D:1: 157 daAuts
